 Dungeon Crawl Stone Soup version 0.30-a0-946-gec5dcfc036 (webtiles) character file.

Game seed: 1768555469033767054

124 sanka the Chopper (level 5, -5/47 HPs)
             Began as a Hill Orc Monk on Mar 26, 2023.
             Slain by Eustachio
             ... wielding a +0 falchion
              (6 damage)
             ... on level 3 of the Dungeon.
             The game lasted 00:04:48 (2748 turns).

sanka the Chopper (Hill Orc Monk)                   Turns: 2748, Time: 00:04:49

Health: -5/47      AC: 13    Str: 15    XL:     5   Next: 8%
Magic:  14/14      EV:  5    Int:  9    God:
Gold:   1          SH:  0    Dex: 17    Spells: 4/4 levels left

rFire   . . .      SeeInvis .    a - +0 hand axe
rCold   . . .      Faith    .    (no shield)
rNeg    . . .      Spirit   .    s - +0 plate armour
rPois   .          Reflect  .    (no helmet)
rElec   .          Rampage  .    g - +2 cloak
rCorr   .                        (no gloves)
Will    .....                    (no boots) Stlth
                                 (no amulet)
HPRegen 0.27/turn                (no ring)
MPRegen 0.14/turn                h - ring of magical power

@: no status effects
A: agile 1, subdued magic 1
a: no special abilities


You were on level 3 of the Dungeon.
You visited 1 branch of the dungeon, and saw 4 of its levels.

You collected 133 gold pieces.
You spent 132 gold pieces at shops.


Innate Abilities, Weirdness & Mutations

You are agile. (Dex +4, Str/Int -1)
Your spells are a little easier to cast, but a little less powerful.


   Skills:
 + Level 4.6 Fighting
 * Level 5.4 Axes
 - Level 3.0 Dodging
 - Level 2.3 Stealth


You had 4 spell levels left.
You didn't know any spells.
Your spell library contained the following spells:

 Spells                   Type           Power      Damage    Failure   Level
 Ignite Poison            Fire/Tmut/Pois 0%         N/A       100%        3
 Sticky Flame             Conj/Fire      0%         2d3       100%        4
 Ignition                 Fire           0%         3d3       100%        8

Inventory:

Hand Weapons
 a - a +0 hand axe (weapon)
Missiles
 r - 6 javelins (quivered)
Armour
 g - a +2 cloak (worn)
 s - a +0 plate armour (worn)
Jewellery
 h - a ring of magical power (right hand)
Scrolls
 d - a scroll of vulnerability {!r}
 e - a scroll of summoning {unknown}
 f - a scroll of noise {unknown}
 i - 2 scrolls of teleportation {@r4}
 j - 4 scrolls of fear
 k - a scroll of enchant armour
 l - a scroll of enchant weapon {unknown}
 o - a scroll of amnesia
 q - a scroll of silence {!r}
Potions
 c - 2 potions of ambrosia
 m - 2 potions of curing {@q1}
 p - a potion of haste {@q3}

Dungeon Overview and Level Annotations

Branches:
Dungeon (4/15)
 Temple: D:4-7

Altars:
Makhleb
Beogh

Shops:
D:3 ?

Annotations:
D:3 Eustachio
D:4 Dowan, Duvessa

▒......▒÷......▒▒.▒....▒▒.▒......
▒......▒.......▒▒.▒▒▒▒▒▒▒.▒▒▒▒.▒▒
▒..............▒▒..▒▒<▒▒.......▒▒
▒▒▒▒.......▒▒▒▒▒▒▒▒▒...▒▒........
...........▒ ▒.8)▒..▒▒▒▒.▒▒
▒▒▒▒▒▒(...▒▒ ▒...▒▒...▒▒.▒▒
▒....▒ ▒▒.▒▒▒▒▒....▒▒
▒(...▒▒▒▒▒▒▒▒▒▒▒'▒▒▒▒▒▒▒..▒▒
▒....▒..▒▒bo@▒▒...▒▒...▒▒..▒
▒....▒.▒▒>58r÷'.8.'..8.>▒... ▒▒▒▒
▒...▒▒.▒▒▒..5▒▒...▒▒...▒▒..▒ ...▒
▒......▒▒▒▒▒▒▒▒▒'▒▒▒▒▒▒▒▒▒.. ▒▒.▒
▒...▒▒▒▒▒.▒▒▒▒▒▒.▒ ▒▒▒
▒.▒▒▒...▒▒▒▒▒........▒
▒.............▒▒▒▒▒▒▒▒
▒▒▒▒▒▒▒▒▒▒▒▒▒▒▒


You could see Eustachio (fast), an iron imp (summoned), a river rat (summoned),
a shadow imp (summoned) and a bat (summoned).


Message History

You hit the iron imp but do no damage. You hit the river rat.
You closely miss the bat. The bat hits you but does no damage.
Eustachio hits you but does no damage. The river rat bites you.
* * * LOW HITPOINT WARNING * * *
The iron imp hits you.
* * * LOW HITPOINT WARNING * * *
Eustachio completely misses you.
You hit Eustachio.
Eustachio is severely wounded.
You hit the river rat. You hit the bat but do no damage.
You hit the iron imp but do no damage. The bat hits you.
* * * LOW HITPOINT WARNING * * *
Eustachio hits you but does no damage.
The river rat bites you but does no damage.
The iron imp hits you.
* * * LOW HITPOINT WARNING * * *
You barely miss Eustachio.
Eustachio is severely wounded.
You barely miss the river rat. You barely miss the iron imp.
Eustachio hits you with a +0 falchion.
* * * LOW HITPOINT WARNING * * *
The river rat bites you but does no damage.
Eustachio hits you with a +0 falchion.
You die...

Action                     |  1- 3 |  4- 6 || total
---------------------------+-------+-------++-------
  Melee: Hand axe          |   131 |   127 ||   258
         Punch             |     1 |     2 ||     3
    Use: Potion            |     4 |       ||     4
         Scroll            |       |     4 ||     4
   Stab: Sleeping          |     4 |     5 ||     9
 Armour: Robe              |    26 |    16 ||    42
         Plate armour      |       |    70 ||    70
  Dodge: Dodged            |    83 |    58 ||   141

Levels and vault maps discovered:
D:1:      psy_arrival_conway, layout_basic,
          hellmonk_ecumenical_altar_defaced_shrine, dreamdust_princess_bridge,
          corexii_leaking_fountain
D:2:      layout_loops_ring, basic_altar, nicolae_grassy_gnolls
D:3:      layout_basic, serial_shops, nicolae_shop_stone, grunt_ministairs_5
D:4:      layout_cave_pods, uniq_duvessa, uniq_eustachio, uniq_blork_the_orc

Notes
Turn   | Place    | Note
-------+----------+-------------------------------------------
     0 | D:1      | sanka the Hill Orc Monk began the quest for the Orb.
     0 | D:1      | Reached XP level 1. HP: 19/19 MP: 1/1
   135 | D:1      | Reached XP level 2. HP: 27/27 MP: 2/2
   389 | D:1      | Reached skill level 2 in Stealth
   568 | D:1      | Found a roughly hewn altar of Beogh.
   573 | D:1      | Reached skill level 4 in Fighting
   575 | D:1      | Reached XP level 3. HP: 33/33 MP: 3/3
   691 | D:1      | Found a faded altar of an unknown god.
   699 | D:1      | Gained mutation: Your spells are a little easier to cast,
                  | but a little less powerful. [potion of mutation]
   699 | D:1      | Gained mutation: You are agile. (Dex +4, Str/Int -1)
                  | [potion of mutation]
   974 | D:2      | Found a burning altar of Makhleb.
  1176 | D:1      | Reached XP level 4. HP: 22/40 MP: 4/4
  1268 | D:1      | Reached skill level 3 in Dodging
  1655 | D:2      | Reached skill level 5 in Axes
  1908 | D:3      | Noticed an ogre
  2268 | D:3      | Found Adweosch's Magic Scroll Shoppe.
  2390 | D:3      | Reached XP level 5. HP: 45/47 MP: 5/5
  2558 | D:3      | Bought a scroll of identify for 24 gold pieces
  2558 | D:3      | Bought a scroll of fear for 48 gold pieces
  2558 | D:3      | Bought a scroll of teleportation for 36 gold pieces
  2558 | D:3      | Bought a scroll of identify for 24 gold pieces
  2645 | D:4      | Noticed Duvessa
  2645 | D:4      | Noticed Dowan
  2708 | D:4      | Noticed Eustachio
  2747 | D:3      | HP: 4/47 [iron imp[Eustachio] (5)]
  2748 | D:3      | HP: 1/47 [Eustachio/+0 falchion (3)]
  2748 | D:3      | Slain by Eustachio

Vanquished Creatures
  3 gnolls
  2 adders
  2 worms (D:2)
  3 dart slugs (D:1)
  4 bats
  6 endoplasms
  4 giant cockroaches
  9 hobgoblins
  4 kobolds (D:1)
  6 quokkas
  5 ball pythons
  6 frilled lizards
  3 goblins
  6 rats
63 creatures vanquished.

Vanquished Creatures (others)
  20 plants (D:2)
20 creatures vanquished.

Grand Total: 83 creatures vanquished
